 Dungeon Crawl Stone Soup version 0.20-a0-1122-gb7cbeb9 (webtiles) character file.

35154 Deathtrap2010 the Cleaver (level 13, -6/90 HPs)
             Began as a Demonspawn Fighter on May 10, 2017.
             Was the Champion of Hepliaklqana.
             Killed from afar by Aizul (10 damage)
             ... with a poison arrow
             ... on level 1 of the Snake Pit.
             The game lasted 01:01:16 (11419 turns).

Deathtrap2010 the Cleaver (Demonspawn Fighter)     Turns: 11419, Time: 01:01:19

Health: -6/90      AC: 29    Str: 25    XL:     13   Next: 46%
Magic:  0/13       EV: 10    Int:  9    God:    Hepliaklqana [******]
Gold:   994        SH: 15    Dex: 17    Spells: 12/12 levels left

rFire    + . .     SeeInvis .   o - +0 war axe (freeze)
rCold    . . .     Gourm    .   q - +2 shield
rNeg     . . .     Faith    +   j - +3 plate armour of Catatonia {Regen+ Str+3}
rPois    .         Spirit   +   a - +2 helmet
rElec    .         Reflect  .   v - +2 cloak
rCorr    .         Harm     .   d - +2 pair of gloves
MR       .....                  k - +1 pair of boots
Stlth    ..........             m - amulet of faith
Regen    0.7/turn               (no ring)
MPRegen  0.3/turn               (no ring)

@: lethally poisoned (-6 -> -17)
A: reduced essence, claws 1, thin skeletal structure 2, fire resistance 1,
powered by pain 1, magic shield, magic regeneration, subdued magic 1
a: Recall Ancestor, Ancestor Identity, Transference, Idealise, Renounce Religion


You were on level 1 of the Snake Pit.
You worshipped Hepliaklqana.
Hepliaklqana was exalted by your worship.
You were not hungry.

You visited 4 branches of the dungeon, and saw 17 of its levels.

You collected 994 gold pieces.

Inventory:

Hand Weapons
 o - a +0 war axe of freezing (weapon)
Armour
 a - a +2 helmet (worn)
 d - a +2 pair of gloves (worn)
 j - the +3 plate armour of Catatonia (worn) {Regen+ Str+3}
   (You found it on level 5 of the Dungeon)

   It affects your strength (+3).
   It increases your rate of regeneration.
 k - a +1 pair of boots (worn)
 q - a +2 shield (worn)
 v - a +2 cloak (worn)
Jewellery
 m - an amulet of faith (around neck)
Scrolls
 b - a scroll of fear
 c - 2 scrolls of remove curse
 e - 8 scrolls of identify
 h - a scroll of amnesia
 l - 2 scrolls of teleportation
 w - a scroll of magic mapping
Potions
 f - 3 potions of flight
 i - 2 potions of cancellation
Miscellaneous
 r - a phial of floods
Comestibles
 g - 15 fruits
 n - a bread ration
 t - 3 royal jellies


   Skills:
 * Level 9.1 Fighting
 * Level 13.3 Axes
 * Level 9.2 Armour
 * Level 7.3 Dodging
 * Level 10.1 Shields


You had 12 spell levels left.
You didn't know any spells.

Dungeon Overview and Level Annotations

Branches:
Dungeon (11/15)            Temple (1/1) D:4            Lair (4/6) D:11
 Shoals (0/4) Lair:2        Snake (1/4) Lair:4
    Orc: D:9-12

Altars:
Ashenzari
Cheibriados
Dithmenos
Elyvilon
Fedhas
Gozag
Hepliaklqana
Kikubaaqudgha
Makhleb
Nemelex Xobeh
Okawaru
Qazlal
Ru
Sif Muna
Trog
Uskayaw
Vehumet
Wu Jian
Xom
Yredelemnul
Zin
The Shining One

Shops:
D:5 ?

Annotations:
D:4 exclusion: statue
Lair:2 exclusion: 4 oklob plants
Snake:1 Aizul, Rupert


Innate Abilities, Weirdness & Mutations

You have sharp fingernails.
You have a moderately thin skeletal structure. (Dex +4, Stealth+)
You sometimes gain a little power by taking damage.
When hurt, damage is shared between your health and your magic reserves.
You regenerate magic rapidly.
Your life essence is reduced. (-10% HP)
Your flesh is heat resistant. (rF+)
Your spells are a little easier to cast, but a little less powerful.


Message History

* * * LOW HITPOINT WARNING * * *
You convulse!!
* * * LOW HITPOINT WARNING * * *
You focus on the pain.
You feel your power returning. The naga hits you but does no damage.
You feel better. You block Aizul's attack.
Rupert hits you with a great sword of holy wrath!
* * * LOW HITPOINT WARNING * * *
You convulse!
* * * LOW HITPOINT WARNING * * *
Shalrey casts a spell at Aizul.
The stone arrow hits Aizul.
You miss Rupert.
Rupert is moderately wounded.
You catch the helpless Aizul completely off-guard!
You hit Aizul. You freeze Aizul.
Aizul coils herself and waves her upper body at you.
The poison arrow hits you!
You are lethally poisoned!
You die...

#.....#
#.....#
#.....# .
#.....# ..
#.....# ...
#.....##....
#...........
#...........
#..R@@N.....
#.>.S.......
#...........
#...........
#...........
#...........
#...........
#...........


You could see the friendly Shalrey the battlemage, Aizul, Rupert (berserk) and a
naga.

Vanquished Creatures
  Harold (Lair:2)
  A hydra (Lair:2)
  A naga warrior (Snake:1)
  The ghost of SilentWizard the Fighter, a journeyman GrFi of Okawaru (D:11)
  A two-headed ogre (D:11)
  2 anacondas (Snake:1)
  A death yak (Lair:2)
  Pikel (D:7)
  2 mana vipers (Snake:1)
  A salamander (Snake:1)
  2 naga magi (Snake:1)
  2 elephants (Lair:3)
  2 black mambas (Snake:1)
  4 spiny frogs
  A torpor snail (Lair:2)
  A komodo dragon (Lair:3)
  A troll (D:11)
  Prince Ribbit (D:5)
  17 yaks
  A shadow (D:11)
  2 wyverns
  Menkaure (D:7)
  7 nagas
  2 water moccasins (Lair:2)
  3 porcupines
  An ice beast (D:10)
  2 sky beasts
  An orc warrior (D:6)
  A phantom (D:6)
  2 black bears
  2 ogres (D:5)
  A wolf (Lair:2)
  9 centaurs
  3 crocodiles
  A big kobold (D:10)
  3 bullfrogs
  2 wyvern zombies (D:8)
  2 scorpions
  3 killer bees
  2 electric eels (Lair:4)
  2 howler monkeys
  A quasit (D:9)
  A centaur zombie (D:10)
  A hound (D:9)
  3 orc priests
  4 iguanas
  3 orc wizards
  5 worker ants
  2 hound skeletons
  A worker ant zombie (D:7)
  7 gnolls (D:3)
  A howler monkey skeleton (D:6)
  5 adders
  An ooze (D:3)
  An adder skeleton (D:8)
  A worm (D:3)
  5 leopard geckos
  19 orcs
  6 bats
  A giant cockroach (D:1)
  9 goblins
  13 hobgoblins
  10 jackals
  A ball python (D:5)
  7 frilled lizards
  16 kobolds
  A leopard gecko skeleton (D:5)
  A quokka skeleton (D:6)
  5 rats
  A fungus (Lair:1)
228 creatures vanquished.

Vanquished Creatures (collateral kills)
  A naga warrior (Snake:1)
  An anaconda (Snake:1)
  A death yak (Lair:2)
  A centaur warrior (D:11)
  The ghost of Dfrag the Arsonist, a novice NaFE of Makhleb (D:8)
  The ghost of kapak the Geomancer, a novice GrEE of Vehumet (D:9)
  A salamander mystic (Snake:1)
  An unseen horror (D:11)
  2 naga ritualists (Snake:1)
  A mana viper (Snake:1)
  An ugly thing (D:8)
  2 manticores (D:11)
  4 elephants (Lair:3)
  3 black mambas (Snake:1)
  A naga mage (Snake:1)
  A centaur zombie (D:10)
  A spiny frog (Lair:1)
  A komodo dragon (Lair:1)
  A centaur skeleton (D:10)
  A polar bear (Lair:2)
  The ghost of grandjackal the Grave Robber, an amateur DENe (D:5)
  A spriggan (Lair:2)
  A wyvern (D:11)
  8 yaks
  2 basilisks
  A hungry ghost (D:7)
  5 nagas
  Edmund (D:6)
  5 porcupines
  3 water moccasins
  3 slaves (D:7)
  A sky beast (D:5)
  An ogre (D:7)
  2 wolves (Lair:2)
  A centaur (Lair:2)
  4 crocodiles
  A big kobold (D:11)
  A wyvern zombie (D:9)
  6 bullfrogs
  3 killer bees (D:8)
  2 electric eels (Lair:1)
  3 crimson imps
  A quasit (D:10)
  An orc wizard (D:9)
  2 worker ants
  A hound skeleton (D:5)
  3 adders
  A shadow imp (D:9)
  A leopard gecko (D:5)
  7 orcs
  8 jackals
  A ball python (D:5)
  3 kobolds (D:10)
  A bush (Lair:2)
  3 fungi
  8 plants
124 creatures vanquished.

Vanquished Creatures (others)
  4 battlemagi
  2 ancestors
  A plant (Lair:2)
7 creatures vanquished.

Grand Total: 359 creatures vanquished

Notes
Turn   | Place    | Note
-------+----------+-------------------------------------------
     0 | D:1      | Deathtrap2010 the Demonspawn Fighter began the quest for the Orb.
     0 | D:1      | Reached XP level 1. HP: 18/18 MP: 1/1
   275 | D:1      | Gained mutation: You have a somewhat thin skeletal structure. (Dex +2, Stealth) [demonic ancestry]
   275 | D:1      | Reached XP level 2. HP: 21/24 MP: 2/2
   534 | D:1      | Reached skill level 2 in Axes
  1155 | D:2      | Gained mutation: You have a moderately thin skeletal structure. (Dex +4, Stealth+) [demonic ancestry]
  1155 | D:2      | Reached XP level 3. HP: 28/29 MP: 3/3
  1570 | D:2      | Found a blossoming altar of Fedhas.
  1733 | D:3      | Reached skill level 1 in Dodging
  1733 | D:3      | Reached XP level 4. HP: 18/35 MP: 4/4
  1822 | D:3      | Gained mutation: You have an unnaturally thin skeletal structure. (Dex +6, Stealth++) [potion of mutation]
  1822 | D:3      | Gained mutation: You are agile. (Dex +2) [potion of mutation]
  1822 | D:3      | Gained mutation: You have large cloven feet. [potion of mutation]
  1916 | D:3      | Lost mutation: You are agile. (Dex +2) [potion of mutation]
  1916 | D:3      | Lost mutation: You have large cloven feet. [potion of mutation]
  1916 | D:3      | Lost mutation: You have an unnaturally thin skeletal structure. (Dex +6, Stealth++) [potion of mutation]
  1916 | D:3      | Gained mutation: Your body sometimes deteriorates upon taking damage. [potion of mutation]
  1916 | D:3      | Gained mutation: You are dopey. (Int -2) [potion of mutation]
  1916 | D:3      | Gained mutation: Your flesh is cold resistant. (rC+) [potion of mutation]
  1993 | D:3      | Reached skill level 3 in Axes
  1999 | D:3      | Reached XP level 5. HP: 20/41 MP: 5/5
  2249 | D:3      | Found a sacrificial altar of Ru.
  2526 | D:4      | Reached XP level 6. HP: 41/48 MP: 6/6
  2540 | D:4      | Found a basalt altar of Yredelemnul.
  2571 | D:4      | Found an ancient bone altar of Kikubaaqudgha.
  2587 | D:4      | Reached skill level 4 in Axes
  2771 | D:4      | Found a radiant altar of Vehumet.
  2850 | D:4      | Found an ornate altar of the Wu Jian Council.
  2940 | D:4      | Found a staircase to the Ecumenical Temple.
  2949 | Temple   | Entered the Ecumenical Temple
  3291 | Temple   | Became a worshipper of Hepliaklqana the Forgotten
  3401 | D:5      | Entered Level 5 of the Dungeon
  3418 | D:5      | Noticed grandjackal's ghost (amateur DENe)
  3435 | D:5      | Killed grandjackal's ghost
  3435 | D:5      | Gained mutation: You sometimes gain a little power by taking damage. [demonic ancestry]
  3435 | D:5      | Reached XP level 7. HP: 9/47 MP: 7/7
  3483 | D:5      | Found a shadowy altar of Dithmenos.
  3494 | D:5      | Found Rede's Magic Scroll Shoppe.
  3514 | D:5      | Reached skill level 5 in Axes
  3660 | D:5      | Found a shattered altar of Ashenzari.
  3791 | D:5      | Noticed Prince Ribbit
  3821 | D:5      | Killed Prince Ribbit
  3846 | D:5      | Reached skill level 6 in Axes
  3846 | D:5      | Reached XP level 8. HP: 40/54 MP: 8/8
  3864 | D:5      | Got a warped plate armour
  3875 | D:5      | Identified the +3 plate armour of Catatonia {Regen+ Str+3} (You found it on level 5 of the Dungeon)
  4038 | D:6      | Reached * piety under Hepliaklqana
  4327 | D:6      | Found a bloodstained altar of Trog.
  4444 | D:6      | Reached ** piety under Hepliaklqana
  4445 | D:6      | Remembered your ancestor Shalrey as a battlemage
  4468 | D:6      | Noticed Edmund
  4479 | D:6      | Killed Edmund
  4479 | D:6      | Reached skill level 7 in Axes
  4570 | D:7      | Reached skill level 5 in Shields
  4593 | D:7      | Gained mutation: When hurt, damage is shared between your health and your magic reserves. [demonic ancestry]
  4593 | D:7      | Reached XP level 9. HP: 57/60 MP: 9/9
  4657 | D:7      | Noticed Menkaure
  4664 | D:7      | Killed Menkaure
  4737 | D:7      | Noticed Pikel
  4749 | D:7      | Killed Pikel
  4749 | D:7      | Reached skill level 5 in Fighting
  4749 | D:7      | Reached skill level 8 in Axes
  4749 | D:7      | Reached skill level 5 in Armour
  5072 | D:8      | Found a basalt altar of Yredelemnul.
  5142 | D:8      | Noticed Dfrag's ghost (novice NaFE)
  5152 | D:8      | Killed Dfrag's ghost
  5152 | D:8      | Reached skill level 9 in Axes
  5186 | D:8      | Found a stormy altar of Qazlal.
  5262 | D:8      | Reached *** piety under Hepliaklqana
  5404 | D:8      | Noticed a red ugly thing
  5413 | D:8      | Killed a red ugly thing
  5413 | D:8      | Gained mutation: You have sharp fingernails. [demonic ancestry]
  5413 | D:8      | Reached XP level 10. HP: 55/68 MP: 6/10
  5965 | D:9      | Reached **** piety under Hepliaklqana
  5986 | D:9      | Noticed kapak's ghost (novice GrEE)
  5988 | D:9      | Found a glowing golden altar of the Shining One.
  6005 | D:9      | Killed kapak's ghost
  6005 | D:9      | Reached skill level 10 in Axes
  6118 | D:10     | Entered Level 10 of the Dungeon
  6235 | D:10     | Reached skill level 5 in Dodging
  6724 | D:11     | Noticed a manticore
  6733 | D:11     | Killed a manticore
  6733 | D:11     | Gained mutation: You regenerate magic rapidly. [demonic ancestry]
  6733 | D:11     | Reached XP level 11. HP: 49/74 MP: 5/11
  6785 | D:11     | Noticed SilentWizard's ghost (journeyman GrFi)
  6802 | D:11     | Killed SilentWizard's ghost
  6855 | D:11     | Found a staircase to the Lair.
  6957 | D:11     | Killed an unseen horror
  7037 | D:11     | Noticed a two-headed ogre
  7047 | D:11     | Killed a two-headed ogre
  7047 | D:11     | Reached skill level 11 in Axes
  7361 | D:11     | Noticed a tengu warrior
  7362 | D:11     | Noticed a cyan ugly thing
  7362 | D:11     | Noticed an eight-headed hydra
  7365 | D:11     | Noticed a centaur warrior
  7543 | D:11     | Killed a centaur warrior
  7548 | Lair:1   | Entered Level 1 of the Lair of Beasts
  7558 | Lair:1   | Lost mutation: Your body sometimes deteriorates upon taking damage. [potion of mutation]
  7558 | Lair:1   | Lost mutation: You are dopey. (Int -2) [potion of mutation]
  7558 | Lair:1   | Lost mutation: Your flesh is cold resistant. (rC+) [potion of mutation]
  7558 | Lair:1   | Gained mutation: You are somewhat resistant to further mutation. [potion of mutation]
  7558 | Lair:1   | Gained mutation: Your magical capacity is low. (-10% MP) [potion of mutation]
  7827 | Lair:1   | Reached ***** piety under Hepliaklqana
  8374 | Lair:2   | Noticed a death yak
  8374 | Lair:2   | Noticed a death yak
  8388 | Lair:2   | Killed a death yak
  8388 | Lair:2   | Reached XP level 12. HP: 31/81 MP: 8/10
  8393 | Lair:2   | Killed a death yak
  8543 | Lair:2   | Reached skill level 12 in Axes
  9008 | Lair:2   | Found a staircase to the Shoals.
  9126 | Lair:2   | Noticed Harold
  9136 | Lair:2   | Killed Harold
  9229 | Lair:2   | Noticed a six-headed hydra
  9239 | Lair:2   | Killed an 11-headed hydra
  9453 | Lair:3   | Lost mutation: Your magical capacity is low. (-10% MP) [potion of mutation]
  9453 | Lair:3   | Lost mutation: You are somewhat resistant to further mutation. [potion of mutation]
  9453 | Lair:3   | Gained mutation: Your flesh is heat resistant. (rF+) [potion of mutation]
  9453 | Lair:3   | Gained mutation: You do not regenerate when monsters are visible. [potion of mutation]
  9453 | Lair:3   | Gained mutation: Your spells are a little easier to cast, but a little less powerful. [potion of mutation]
  9453 | Lair:3   | Lost mutation: You do not regenerate when monsters are visible. [potion of mutation]
  9978 | Lair:3   | Reached ****** piety under Hepliaklqana
 10155 | Lair:4   | Found a staircase to the Snake Pit.
 10582 | Snake:1  | Entered Level 1 of the Snake Pit
 10597 | Snake:1  | Noticed a naga warrior
 10618 | Snake:1  | Killed a naga warrior
 10692 | Snake:1  | Reached XP level 13. HP: 84/89 MP: 13/13
 10812 | Snake:1  | Reached skill level 13 in Axes
 10838 | Snake:1  | Found a runed door.
 11216 | Snake:1  | Found a sacrificial altar of Ru.
 11232 | Snake:1  | Reached skill level 10 in Shields
 11405 | Snake:1  | Noticed Aizul
 11405 | Snake:1  | Noticed Rupert
 11417 | Snake:1  | HP: 3/90 [Rupert/great sword of holy wrath (19)]
 11419 | Snake:1  | Killed from afar by Aizul

Vault maps used:
D:1:      nagdon_arrival_zigzag_paths
D:2:      fedhas_altar_fruit_tree
D:3:      nicolae_ru_path_of_blood
D:4:      kb_forest_paths, kennysheep_little_box, vehumet_statue,
          nicolae_overflow_crystal_walls, minmay_temple_entry_statues_pillars,
          first_bread, st_stairs_11, yredelemnul_altar_generic
D:5:      lemuel_doored_altar, ashenzari_conservatory_becter, serial_shops,
          nicolae_shop_trees, uniq_prince_ribbit1
D:6:      trog_ov_bears_minmay, serial_shops, nicolae_shop_waterfront,
          uniq_edmund
D:7:      uniq_menkaure, uniq_pikel
D:8:      lemuel_round_altar, hangedman_little_slice_of_home,
          minmay_item_behind_shaft, nicolae_qazlal_style_of_elements
D:9:      kennysheep_mini
D:10:     serial_shops, nicolae_shop_crystal, hangedman_decor_points
D:11:     minmay_curly_fans, lair_entry_dummy
Temple:   oiseaux_autumnal_temple
Lair:1:   serial_bayou_shore_a
Lair:2:   minmay_shoals_entry_centaurs, forest_entry_grove, grunt_megastairs_5,
          minmay_lair_oklob_chamber, uniq_harold
Lair:4:   minmay_snake_entry_guardpost_medium, nicolae_quartered_pool_medium,
          patterned_corridor
Snake:1:  basic_altar, grunt_ministairs_3, lightli_airlock, uniq_aizul,
          uniq_rupert

Skill      XL: |  1  2  3  4  5  6  7  8  9 10 11 12 13 |
---------------+----------------------------------------+-----
Axes           | 2 3 4 6 7 9 10 11 12 13 | 13.3
Armour         | 3 4 5 6 7 8 9 |  9.2
Dodging        | 1 2 3 4 5 6 7 |  7.3
Shields        | 3 4 5 7 8 9 10 | 10.1
Fighting       | 4 5 6 7 8 9 |  9.1

Action                   |  1- 3 |  4- 6 |  7- 9 | 10-12 | 13-15 || total
-------------------------+-------+-------+-------+-------+-------++-------
Melee: War axe           |   116 |   119 |   177 |   459 |    86 ||   957
       Kick              |       |     3 |       |       |       ||     3
Throw: Throwing net      |       |       |       |     1 |       ||     1
Invok: Recall Ancestor   |       |     1 |     1 |       |       ||     2
       Ancestor Identity |       |     1 |       |       |       ||     1
       Ancestor Life: Ba |       |       |     1 |       |       ||     1
       Idealise          |       |       |       |     2 |       ||     2
Evoke: Phial of floods   |       |       |       |     1 |       ||     1
       Wand              |       |       |       |       |     1 ||     1
  Use: Scroll            |     7 |     3 |     6 |    13 |     1 ||    30
       Potion            |     3 |     8 |     4 |     6 |     5 ||    26
 Stab: Distracted        |       |       |     4 |    13 |     2 ||    19
  Eat: Bread ration      |     1 |     1 |       |     2 |       ||     4
       Fruit             |       |       |     1 |       |     1 ||     2
       Meat ration       |       |       |     2 |     2 |       ||     4
Armor: Scale mail        |    25 |       |       |       |       ||    25
       Plate armour      |    78 |    75 |    92 |   249 |    52 ||   546
Dodge: Dodged            |    20 |    23 |    49 |   178 |    41 ||   311
Block: Shield            |    60 |    78 |   107 |   352 |    83 ||   680
